 Dungeon Crawl Stone Soup version 0.31-a0-149-g3fdcc5976a (webtiles) character file.

Game seed: 10558020700234187437

67 qw the Shooter (level 4, -2/38 HPs)
             Began as a Minotaur Hunter on June 7, 2023.
             Killed by nerve-wracking pain
             ... invoked by Grinder
              (7 damage)
             ... on level 3 of the Dungeon.
             The game lasted 00:00:40 (1344 turns).

qw the Shooter (Minotaur Hunter)                    Turns: 1344, Time: 00:00:41

Health: -2/38      AC:  5    Str: 15    XL:     4   Next: 0%
Magic:  0/3        EV: 11    Int:  6    God:
Gold:   139        SH:  0    Dex: 16    Spells: 3/3 levels left

rFire   . . .        Y - +0 shortbow
rCold   . . .        (shield currently unavailable)
rNeg    . . .        j - +0 ring mail
rPois   .            (helmet restricted)
rElec   .            (no cloak)
rCorr   .            (no gloves)
SInv    .            (no boots)
Will    +....        k - amulet of guardian spirit
Stlth   +            i - ring of willpower
HPRegen 0.26/turn    (no ring)
MPRegen 0.08/turn

%: guardian spirit
@: no status effects
A: horns 2, retaliatory headbutt
a: no special abilities


You were on level 3 of the Dungeon.
You visited 1 branch of the dungeon, and saw 3 of its levels.

You collected 139 gold pieces.


Innate Abilities, Weirdness & Mutations

You have a pair of horns on your head.
You reflexively headbutt those who attack you in melee.


   Skills:
 - Level 3.0 Fighting
 + Level 5.7 Ranged Weapons
 - Level 1.0 Armour
 - Level 2.1 Dodging
 - Level 0.7 Stealth


You had 3 spell levels left.
You didn't know any spells.
Your spell library was empty.

Inventory:

Hand Weapons
 Y - a +0 shortbow (weapon)
Armour
 j - a +0 ring mail (worn)
Jewellery
 b - an amulet of the acrobat
 i - a ring of willpower (left hand)
 k - an amulet of guardian spirit (around neck)
Scrolls
 a - a scroll of identify
Potions
 c - a potion of cancellation {unknown}
 e - 2 potions of curing {unknown}
 l - a potion of haste

Dungeon Overview and Level Annotations

Branches:
Dungeon (3/15)

Altars:
Dithmenos

Annotations:
D:3 Grinder


Message History

You shoot an arrow. The arrow barely misses Grinder.
Grinder says, "Don't move a muscle."
Grinder hits you but does no damage.
You shoot an arrow. The arrow hits Grinder.
Grinder is lightly wounded.
Grinder hits you but does no damage.
You shoot an arrow. The arrow closely misses Grinder.
Grinder hits you!
Grinder grins, showing sharp teeth.
Grinder hits you!
You shoot an arrow. The arrow closely misses Grinder.
Grinder hits you.
You writhe in agony.
You shoot an arrow. The arrow barely misses Grinder.
Grinder gestures at you. Pain shoots through your body!
You shoot an arrow. The arrow hits Grinder!
Grinder is moderately wounded.
Grinder hits you but does no damage.
You shoot an arrow. The arrow hits Grinder.
Grinder is heavily wounded.
Grinder gestures at you.
You suddenly lose the ability to move!
Grinder gestures at you. Pain shoots through your body!
You can move again.
You shoot an arrow. The arrow hits Grinder.
Grinder is heavily wounded.
Grinder barely misses you. Grinder hits you.
You writhe in agony.
You shoot an arrow.
The arrow hits Grinder but does no damage.
Grinder is heavily wounded.
Grinder misses you.
You shoot an arrow. The arrow hits Grinder!
Grinder is severely wounded.
Grinder completely misses you.
You shoot an arrow. The arrow hits Grinder!
Grinder is almost dead.
Grinder gestures at you. Pain shoots through your body!
You die...

### #.########
#........#####
#.####.......#
#.# #.##.##..
#.# #..# # #.#
##@#
#.#####5##
#.........
#....(....
#..........
#...........
#..<.........
#..........##.
##.#####..#


You could see Grinder.

Vanquished Creatures
  2 adders
  2 dart slugs
  A worm (D:2)
  5 bats
  5 endoplasms
  6 giant cockroaches
  6 goblins
  4 hobgoblins
  A kobold (D:2)
  2 ball pythons
  2 frilled lizards (D:1)
  3 rats
39 creatures vanquished.

Notes
Turn   | Place    | Note
-------+----------+-------------------------------------------
     0 | D:1      | qw the Minotaur Hunter began the quest for the Orb.
     0 | D:1      | Reached XP level 1. HP: 18/18 MP: 0/0
     0 | D:1      | 0 ||| qw: Version: 0.2-a-117-gc6b5c8b
     0 | D:1      | 0 ||| qw: Game counter: 2650
     0 | D:1      | 0 ||| qw: Always use a shield: true
     0 | D:1      | 0 ||| qw: God list: Okawaru
     0 | D:1      | 0 ||| qw: Allow faded altars: false
     0 | D:1      | 0 ||| qw: Do Orc after D:15 true
     0 | D:1      | 0 ||| qw: Do second Lair branch before Depths: true
     0 | D:1      | 0 ||| qw: Lair rune preference: random
     0 | D:1      | 0 ||| qw: Plans: Normal
     0 | D:1      | 0 ||| PLANNING D:1-11
   330 | D:1      | Reached XP level 2. HP: 25/25 MP: 1/1
   334 | D:1      | Reached skill level 5 in Ranged Weapons
   580 | D:1      | 580 ||| UPGRADING to +0 ring mail.
   590 | D:1      | 590 ||| DROPPING +0 leather armour.
   591 | D:1      | 591 ||| UPGRADING to amulet of guardian spirit.
   596 | D:1      | 596 ||| UPGRADING to ring of willpower.
   597 | D:1      | 597 ||| READING scroll labelled SEAFRO DUOW.
   598 | D:1      | 598 ||| READING scroll labelled FOUBBIOGUU.
   599 | D:1      | 599 ||| READING scroll labelled VEIPHUF FO ZUE.
   600 | D:1      | 600 ||| DRINKING 2 fizzy cyan potions.
   601 | D:1      | 601 ||| DROPPING scroll of butterflies.
   603 | D:1      | 603 ||| Stepping ~*~*~tactically~*~*~ (cloud).
   611 | D:1      | HP: 6/25 [poisoned by you (poison gas)]
   617 | D:1      | HP: 3/25 [poisoned by you (poison gas)]
   796 | D:2      | Reached skill level 1 in Armour
   845 | D:2      | Reached skill level 3 in Fighting
   879 | D:2      | Reached XP level 3. HP: 31/31 MP: 2/2
  1160 | D:2      | Found a shadowy altar of Dithmenos.
  1197 | D:2      | 1197 ||| READING 2 scrolls labelled KAQUOPS HIEL.
  1198 | D:2      | 1198 ||| DRINKING 2 clear potions.
  1199 | D:2      | 1199 ||| DROPPING potion of attraction.
  1279 | D:3      | Reached XP level 4. HP: 36/38 MP: 3/3
  1326 | D:3      | Noticed Grinder
  1339 | D:3      | Paralysed by Grinder for 2 turns
  1340 | D:3      | HP: 8/38 [Grinder/nerve-wracking pain (4)]
  1344 | D:3      | Killed from afar by Grinder

Levels and vault maps discovered:
D:1:      dpeg_arrival_snail, layout_loops_ring, st_stairs_8
D:2:      layout_basic, basic_altar, minmay_liquid_box
D:3:      layout_rooms, mainiacjoe_overflow_large_starburst, uniq_grinder

Skill      XL: |  1  2 |
---------------+-------+-----
Ranged Weapons | 5 |  5.7
Armour         | 1 |  1.0
Fighting       | 3 |  3.0
Dodging        | |  2.1
Stealth        | |  0.7

Action                     |  1- 3 |  4- 6 || total
---------------------------+-------+-------++-------
   Fire: Shortbow          |    99 |    17 ||   116
    Use: Scroll            |     4 |       ||     4
         Potion            |     2 |       ||     2
 Armour: Leather armour    |     8 |       ||     8
         Ring mail         |    15 |     4 ||    19
  Dodge: Dodged            |    31 |     5 ||    36

Table legend:
 A = Non-vault XP
 B = Vault XP
 C = Vault XP percentage of total XP
 D = Non-vault monster count
 E = Vault monster count
 F = Vault count percentage of total count
                 A         B        C        D         E       F
            +---------+---------+-------+---------+---------+-------
      Total |      96 |       1 |   1.0 |      38 |       1 |   2.6
            +---------+---------+-------+---------+---------+-------
        D:1 |      21 |       1 |   4.5 |      11 |       1 |   8.3
        D:2 |      54 |       0 |   0.0 |      22 |       0 |   0.0
        D:3 |      21 |       0 |   0.0 |       5 |       0 |   0.0
            +---------+---------+-------+---------+---------+-------
